 Dungeon Crawl Stone Soup version 0.24-a0-530-g18ba70b503 (webtiles) character file.

Game seed: 9880221177098324109

8 DEFE the Caller (level 2, 0/22 HPs)
             Began as a Demonspawn Wanderer on Aug 7, 2019.
             Slain by a bat (1 damage)
             ... on level 1 of the Dungeon.
             The game lasted 00:00:41 (830 turns).

DEFE the Caller (Demonspawn Wanderer)                Turns: 830, Time: 00:00:41

Health: 0/22       AC:  2    Str: 12    XL:     2   Next: 0%
Magic:  3/3        EV: 11    Int: 14    God:
Gold:   6          SH:  0    Dex: 11    Spells: 3/3 levels left

rFire    . . .     SeeInvis .   a - +0 club
rCold    . . .     Gourm    .   (no shield)
rNeg     . . .     Faith    .   d - +0 robe
rPois    .         Spirit   .   (helmet restricted)
rElec    .         Reflect  .   (no cloak)
rCorr    .         Harm     .   (no gloves)
MR       .....                  (no boots)
Stlth    +.........             (no amulet)
HPRegen  0.07/turn              (no ring)
MPRegen  0.08/turn              (no ring)

@: no status effects
A: horns 1
a: no special abilities


You were on level 1 of the Dungeon.
You were not hungry.

You visited 1 branch of the dungeon, and saw 1 of its levels.

You collected 6 gold pieces.

Inventory:

Hand Weapons
 a - a +0 club (weapon)
Armour
 d - a +0 robe (worn)
Scrolls
 c - a scroll of teleportation
 e - a scroll of identify {unknown}
Comestibles
 f - a ration


   Skills:
 - Level 2.0 Fighting
   Level 1.0 Long Blades
 + Level 1.4 Maces & Flails
 - Level 1.0 Stealth
 - Level 1.0 Spellcasting
   Level 1.7 Charms
   Level 2.0 Summonings
   Level 1.0 Evocations


You had 3 spell levels left.
You didn't know any spells.
Your spell library contained the following spells:

 Spells                   Type           Power        Failure   Level  Hunger
 Infusion                 Chrm           #...         13%         1    ##.....
 Song of Slaying          Chrm           #.......     19%         2    ###....
 Corona                   Hex            #......      26%         1    ##.....
 Shroud of Golubria       Chrm/Tloc      #.....       28%         2    ###....
 Regeneration             Chrm/Necr      #.........   50%         3    ####...
 Spectral Weapon          Hex/Chrm       #.......     50%         3    ####...


Dungeon Overview and Level Annotations

Branches:
Dungeon (1/15)

Altars:


Innate Abilities, Weirdness & Mutations

You have a pair of small horns on your head.


Message History

MP restored: 3 You swing at nothing.
The bat misses you. x2; The goblin throws a stone.
The stone closely misses you.
The stone closely misses the bat.
The stone barely misses the bat.
You swing at nothing.
The bat hits you.
* * * LOW HITPOINT WARNING * * *
You take 1 damage, and have 5/22 hp.
You closely miss the bat. Your headbutt misses the bat. The bat hits you.
* * * LOW HITPOINT WARNING * * *
The bat closely misses you. The goblin misses you. The goblin hits you.
* * * LOW HITPOINT WARNING * * *
You take 2 damage, and have 3/22 hp.
Unknown command.
It was a potion of cancellation.
You feel magically purged. The bat misses you. The bat closely misses you.
The goblin hits you.
* * * LOW HITPOINT WARNING * * *
You take 2 damage, and have 1/22 hp.
Unknown command.
You hit the goblin. Your headbutt misses the goblin. The bat hits you.
You die...

#........# #........#
########........##.
...#...#...........
........#(.##....##
....>....(.#.......
........(#....#..#
........!#g###..# ..
.......(.#@##.....# #.#
........##b#..#.# # ##..
.##.#.....b..##.# #...
#.#..##....##.#####..###
....##.................
#....#...(.....#.....#
#....................####
#..#...#..................
................((...#####.


You could see a goblin and 2 bats.

Vanquished Creatures
  A bat (D:1)
  3 goblins (D:1)
  2 kobolds (D:1)
  A frilled lizard (D:1)
  A rat (D:1)
8 creatures vanquished.

Notes
Turn   | Place    | Note
-------+----------+-------------------------------------------
     0 | D:1      | DEFE the Demonspawn Wanderer began the quest for the Orb.
     0 | D:1      | DEFE set off with the following items: a +0 club, a scroll
                  | of teleportation, a +0 robe, a ration; and the following
                  | spells available to memorise: Infusion, Song of Slaying,
                  | Corona, Shroud of Golubria, Regeneration, Spectral Weapon
     0 | D:1      | Reached XP level 1. HP: 16/16 MP: 2/2
   406 | D:1      | Reached skill level 1 in Maces & Flails
   825 | D:1      | Gained mutation: You have a pair of small horns on your
                  | head. [demonic ancestry]
   825 | D:1      | Reached XP level 2. HP: 8/22 MP: 3/3
   829 | D:1      | HP: 1/22 [goblin (2)]
   830 | D:1      | Slain by a bat

Levels and vault maps discovered:
D:1:      eino_arrival_tree_alley, layout_rooms

Skill      XL: |  1 |
---------------+----+-----
Maces & Flails | 1 |  1.4
Fighting       | |  2.0
Long Blades    | |  1.0
Stealth        | |  1.0
Spellcasting   | |  1.0
Charms         | |  1.7
Summonings     | |  2.0
Evocations     | |  1.0

Action                   || total
-------------------------++-------
Melee: Club              ||    52
  Use: Potion            ||     1
Armor: Robe              ||    33
Dodge: Dodged            ||    74

Table legend:
 A = Non-vault XP
 B = Vault XP
 C = Vault XP percentage of total XP
 D = Non-vault monster count
 E = Vault monster count
 F = Vault count percentage of total count
                 A         B        C        D         E       F
            +---------+---------+-------+---------+---------+-------
      Total |      12 |       0 |   0.0 |       8 |       0 |   0.0
            +---------+---------+-------+---------+---------+-------
        D:1 |      12 |       0 |   0.0 |       8 |       0 |   0.0
            +---------+---------+-------+---------+---------+-------
